 Dungeon Crawl Stone Soup version 0.22.1-1-ga44c0e5 (webtiles) character file.

284 Lavandula the Chopper (level 6, -2/76 HPs)
             Began as a Centaur Berserker on Nov 4, 2018.
             Was a Priest of Trog.
             Killed from afar by Ijyb (18 damage)
             ... with a wand of acid (3)
             ... on level 3 of the Dungeon.
             The game lasted 00:06:02 (1105 turns).

Lavandula the Chopper (Centaur Berserker)           Turns: 1105, Time: 00:06:03

Health: -2/76      AC:  3    Str: 27    XL:     6   Next: 7%
Magic:  15/15      EV:  9    Int:  6    God:    Trog [***...]
Gold:   91         SH:  0    Dex:  8    Spells: 5/5 levels left

rFire    . . .     SeeInvis .   a - +0 hand axe
rCold    . . .     Gourm    .   (no shield)
rNeg     . . .     Faith    .   g - +0 ring mail
rPois    .         Spirit   .   i - +1 helmet
rElec    .         Reflect  .   (no cloak)
rCorr    .         Harm     .   (no gloves)
MR       .....                  (no barding)
Stlth    ..........             (no amulet)
HPRegen  0.22/turn              d - ring of magical power
MPRegen  0.14/turn              (no ring)

@: berserking, corroded, very quick
A: large, hooves 3, deformed body, speed 2, tough skin 3
a: Berserk, Trog's Hand, Renounce Religion


You were on level 3 of the Dungeon.
You worshipped Trog.
Trog was most pleased with you.
You were hungry.

You visited 1 branch of the dungeon, and saw 4 of its levels.

You collected 91 gold pieces.

Inventory:

Hand Weapons
 a - a +0 hand axe (weapon)
 k - a -3 hunting sling
Missiles
 p - 30 sling bullets
Armour
 b - a +0 animal skin
 g - a +0 ring mail (worn)
 i - a +1 helmet (worn)
Jewellery
 d - a ring of magical power (left hand)
Wands
 l - a wand of polymorph (6)
Scrolls
 e - a scroll of fear
 j - 2 scrolls of teleportation
 m - 2 scrolls of noise
 n - 2 scrolls of amnesia
 s - 2 scrolls of magic mapping {unknown}
 t - a scroll of fog {unknown}
Potions
 f - 2 potions of brilliance {unknown}
 r - 2 potions of lignification {unknown}
Comestibles
 c - 3 rations


   Skills:
 - Level 3.0 Fighting
 + Level 6.2 Axes
 - Level 1.3 Armour
 - Level 1.3 Dodging


You had 5 spell levels left.
You didn't know any spells.
Your spell library was empty.

Dungeon Overview and Level Annotations

Branches:
Dungeon (4/15)
 Temple: D:4-7

Altars:
Xom

Annotations:
D:3 Ijyb


Innate Abilities, Weirdness & Mutations

You have hooves in place of feet.
Armour fits poorly on your strangely shaped body.
You cover ground very quickly.
You have extremely tough skin. (AC +3)


Message History

s - 2 scrolls labeled NIYD FELAGU (gained 1)
You open the door.
Ijyb the Twisted Goblin comes into view.
Ijyb shouts!
Found 2 scrolls of identify, a ration and 19 stones.
Ijyb is nearby!
You close the door.
Ijyb opens the door.
A red film seems to cover your vision as you go berserk!
You feel yourself moving faster!
You feel mighty!
You are feeling hungry.
Ijyb screams, "I dance on your bones!"
Ijyb zaps a wand.
The bolt of acid hits you! The acid corrodes you!
You are splashed with acid!
The acid burns!
* * * LOW HITPOINT WARNING * * *
It is a wand of acid (3).
You feel a strong urge to attack something.
There is an open door here.
You hit Ijyb but do no damage.
Ijyb zaps a wand.
The bolt of acid hits you!
You die...

. #.#
##.......## #.
#.# #(.?......#
#.##.#
+....%....+
..###.....
#...?.....#
#.....#..#
#.......#
#.......#
#.....#
###.##.## #.g.#
#.. #.#
########@# #.#
#.# #.<......#
#.# #.#
#.######.#
#.###.###.## #.
##.##
#.........). ..
...#...##
#####.#####. ##.
#......#######.#
## #.
#..............#
#.
####.###########
#. ...#


You could see Ijyb.

Vanquished Creatures
  A centaur (D:4)
  A howler monkey (D:4)
  A hound (D:4)
  Robin (D:2)
  4 adders
  2 oozes (D:4)
  An adder skeleton (D:4)
  A worm (D:4)
  A dart slug (D:1)
  2 leopard geckos
  2 orcs
  2 bats (D:1)
  6 giant cockroaches
  15 goblins
  5 hobgoblins
  7 jackals
  3 quokkas
  3 frilled lizards
  10 kobolds
  4 rats
72 creatures vanquished.

Notes
Turn   | Place    | Note
-------+----------+-------------------------------------------
     0 | D:1      | Lavandula the Centaur Berserker began the quest for the
                  | Orb.
     0 | D:1      | Reached XP level 1. HP: 19/19 MP: 1/1
    21 | D:1      | Reached skill level 3 in Axes
   134 | D:1      | Reached XP level 2. HP: 26/26 MP: 2/2
   357 | D:2      | Noticed Robin
   359 | D:2      | Reached ** piety under Trog
   359 | D:2      | Reached XP level 3. HP: 31/31 MP: 3/3
   367 | D:2      | Reached skill level 4 in Axes
   369 | D:2      | Killed Robin
   659 | D:2      | Reached XP level 4. HP: 38/38 MP: 4/4
   920 | D:4      | Reached skill level 5 in Axes
   932 | D:4      | Reached XP level 5. HP: 31/45 MP: 5/5
   941 | D:4      | Noticed a centaur
   949 | D:4      | Reached *** piety under Trog
   953 | D:4      | Killed a centaur
   953 | D:4      | Reached skill level 6 in Axes
   953 | D:4      | Reached XP level 6. HP: 7/51 MP: 6/6
  1061 | D:3      | Found a shimmering altar of Xom.
  1099 | D:3      | Noticed Ijyb
  1105 | D:3      | Killed from afar by Ijyb

Skill      XL: |  1  2  3  4  5 |
---------------+----------------+-----
Axes           | 3 4 5 6 |  6.2
Fighting       | |  3.0
Armour         | |  1.3
Dodging        | |  1.3

Action                   |  1- 3 |  4- 6 || total
-------------------------+-------+-------++-------
Melee: Hand axe          |    72 |    85 ||   157
       Kick              |     7 |    19 ||    26
 Fire: Hunting sling     |       |    13 ||    13
Invok: Berserk           |     1 |     3 ||     4
  Use: Scroll            |       |     6 ||     6
  Eat: Chunk             |       |     3 ||     3
Armor: Animal skin       |    19 |       ||    19
       Ring mail         |     8 |    41 ||    49
Dodge: Dodged            |    40 |    45 ||    85
